AoeStats
← King_Rodriguez

Four Lakes

510066671Analyzed
1v1 RM · 2d ago on Sep 29, 2026· 72m 17s· 2 players
Game mode
Random Map
Map size
Tiny (2 player)
Population
200
Speed
Normal
Resources
Standard
Victory
Conquest
Starting age
Dark Age
Ending age
Imperial Age
RankedLock teamsTeams togetherTeam positionsShared explorationLock speedFull tech treeHidden civsTurbo modeCheats
Victory
Defeat
🇩🇪 Britons · Germany
606
+19
🇹🇷 Khmer · Türkiye
675
-19
SaitMurathan
11:13 Feudal Age
11:50 Double-Bit Axe
17:02 Castle Age
15:58 Forging
20:05 Bloodlines
25:35 Husbandry
25:47 Scale Barding Armor
26:19 Iron Casting
32:36 Fletching
32:47 Padded Archer Armor
35:11 Bodkin Arrow
34:53 Elite Skirmisher
37:13 Leather Archer Armor
37:12 Tusk Swords
44:23 Imperial Age
43:04 Wheelbarrow
43:11 Chain Barding Armor
44:56 Ballistics
53:14 Chemistry
53:31 Hoardings
57:11 Cavalier
61:07 Light Cavalry
King_Rodriguez
11:14 Feudal Age
11:45 Double-Bit Axe
14:00 Forging
14:48 Scale Barding Armor
18:59 Gold Mining
18:51 Horse Collar
23:06 Fletching
27:42 Castle Age
26:41 Scale Mail Armor
29:00 Bow Saw
28:53 Heavy Plow
28:19 Crossbowman
28:22 Pikeman
30:47 Wheelbarrow
32:04 Ballistics
31:41 Murder Holes
32:43 Squires
33:54 Bodkin Arrow
34:28 Town Watch
44:05 Imperial Age
43:07 Gold Shaft Mining
43:45 Light Cavalry
45:00 Warwolf
44:35 Arbalester
46:40 Chemistry
48:31 Onager
49:47 Yeomen
51:19 Halberdier
67:39 Chain Barding Armor
67:55 Iron Casting
67:22 Bracer
69:22 Plate Barding Armor
Connection lost

Rejoining the realm…

Still unreachable

The connection could not be restored.

Session expired

The server has moved on; the page needs a fresh start.